 Dungeon Crawl Stone Soup version 0.30-a0-626-gd6a5dd7a1f (webtiles) character file.

Game seed: 9121671916793832903

191 Hubris850 the Ruffian (level 5, 0/36 HPs)
             Began as an Octopode Fighter on Jan 11, 2023.
             Slain by Grinder (8 damage)
             ... on level 3 of the Dungeon.
             The game lasted 00:06:18 (2266 turns).

Hubris850 the Ruffian (Octopode Fighter)            Turns: 2266, Time: 00:06:18

Health: 0/36       AC:  1    Str: 15    XL:     5   Next: 70%
Magic:  5/5        EV: 14    Int: 12    God:
Gold:   151        SH:  5    Dex: 18    Spells: 4/4 levels left

rFire   . . .      SeeInvis .      - Unarmed
rCold   . . .      Faith    .    a - +0 buckler
rNeg    . . .      Spirit   .    (helmet restricted)
rPois   .          Reflect  .    g - amulet of magic regeneration
rElec   .          Harm     .    b - +6 ring of dexterity
rCorr   .          Rampage  .    n - ring of wizardry
Will    .....                    (no ring)
Stlth   ++++                     (no ring)
HPRegen 0.26/turn                (no ring)
MPRegen 0.49/turn                (no ring)
                                 (no ring)
                                 (no ring)

@: no status effects
A: almost no armour, amphibious, 8 rings, camouflage 1, gelatinous body 1,
(nimble swimmer 1), tentacles
a: no special abilities


You were on level 3 of the Dungeon.
You visited 1 branch of the dungeon, and saw 3 of its levels.

You collected 151 gold pieces.

Inventory:

Hand Weapons
 o - a +2 heavy spear
Missiles
 i - 3 boomerangs (quivered)
Armour
 a - a +0 buckler (worn)
Jewellery
 b - a +6 ring of dexterity (left tentacle)
 g - an amulet of magic regeneration (around mantle)
 n - a ring of wizardry (right tentacle)
Scrolls
 c - 4 scrolls of identify {unknown}
 f - a scroll of immolation {unknown}
 k - 2 scrolls of enchant weapon {unknown}
 l - 3 scrolls of fog {unknown}
 m - a scroll of enchant armour {unknown}
Potions
 d - 3 potions of heal wounds {unknown}
 e - 2 potions of haste {unknown}
 j - 2 potions of curing {unknown}
 p - a potion of mutation {unknown}


   Skills:
 - Level 3.0 Fighting
 - Level 3.0 Dodging
 - Level 4.0 Stealth
 - Level 3.0 Shields
 + Level 4.9 Unarmed Combat


You had 4 spell levels left.
You didn't know any spells.
Your spell library contained the following spells:

 Spells                   Type           Power      Damage    Failure   Level
 Scorch                   Fire           0%         2d5       26%         2
 Flame Wave               Conj/Fire      0%         2d4       83%         4
 Summon Cactus Giant      Summ           0%         N/A       100%        6


Dungeon Overview and Level Annotations

Branches:
Dungeon (3/15)

Altars:

Shops:
D:1 !

Annotations:
D:3 Grinder, Pargi


Innate Abilities, Weirdness & Mutations

You cannot wear most types of armour.
You are amphibious.
You can wear up to eight rings at the same time.
Your skin changes colour to match your surroundings (Stealth+).
Your rubbery body absorbs attacks. (AC +1, EV +1)
((You are camouflaged when in or above water. (Stealth+)))
You have tentacles for arms and can constrict up to eight enemies at once.


Message History

Throw: throwing net
Press: ? - help, Q - select action, (/) - cycle Shift-Dir - straight line, f - Grinder
Aim: Grinder (58% to hit)
You throw a throwing net. The throwing net hits Grinder.
Grinder is caught in the net!
Grinder struggles against the net.
Grinder struggles against the net.
You tentacle-slap Grinder. You grab Grinder.
Grinder is lightly wounded.
You constrict Grinder.
Grinder blinks free!
You closely miss Grinder. You grab Grinder. You squeeze Grinder.
Grinder is lightly wounded.
You constrict Grinder, but do no damage.
You block Grinder's attack.
You barely miss Grinder.
Grinder is lightly wounded.
You constrict Grinder. Grinder hits you!
You writhe in agony.
You tentacle-slap Grinder but do no damage.
Your squeeze misses Grinder.
Grinder is lightly wounded.
You constrict Grinder. Grinder hits you!
You bludgeon Grinder! You squeeze Grinder!
Grinder is heavily wounded.
You constrict Grinder. Grinder gestures at you. Pain shoots through your body!
* * * LOW HITPOINT WARNING * * *
You barely miss Grinder.
Grinder is severely wounded.
You constrict Grinder. You barely miss Grinder.
Grinder is severely wounded.
You constrict Grinder. Grinder completely misses you.
You barely miss Grinder.
Grinder is severely wounded.
You constrict Grinder. Grinder misses you.
You barely miss Grinder. You squeeze Grinder.
Grinder is almost dead.
You constrict Grinder. Grinder hits you!
You die...

#.#######'#######.##....
#...##....# #######.
###.......########## #.
##.......#.......# #.
##.....##.......####.
##...###.........##.
###.####.....^.#.##.
#.5..(.#.......#.#..
#.#@##.#...........#
#.#.# #.......#.#).
#.#.(# ###.#####.##.
#.##.# #.......##. #. ..
##########. #. .## #. #.
.# #. .. #. ## ..


You could see Grinder.

Vanquished Creatures
  7 gnolls
  4 adders
  A worm (D:2)
  4 dart slugs
  2 orcs (D:3)
  10 ball pythons
  13 endoplasms
  A giant cockroach (D:1)
  4 goblins
  4 hobgoblins
  5 quokkas
  5 bats
  3 frilled lizards
  4 kobolds
  7 rats
74 creatures vanquished.

Notes
Turn   | Place    | Note
-------+----------+-------------------------------------------
     0 | D:1      | Hubris850 the Octopode Fighter began the quest for the Orb.
     0 | D:1      | Reached XP level 1. HP: 16/16 MP: 1/1
    27 | D:1      | Reached skill level 1 in Stealth
   147 | D:1      | Reached XP level 2. HP: 14/21 MP: 2/2
   316 | D:1      | Found Utaer's Distillery.
   346 | D:1      | Reached XP level 3. HP: 6/26 MP: 3/3
   914 | D:1      | Reached XP level 4. HP: 23/31 MP: 4/4
  1225 | D:2      | Reached XP level 5. HP: 6/36 MP: 5/5
  1594 | D:2      | Identified the +2 ring mail of Valour {rC- Dex+7}
  2070 | D:3      | Noticed Pargi
  2254 | D:3      | Noticed Grinder
  2266 | D:3      | Slain by Grinder

Illustrated notes

Levels and vault maps discovered:
D:1:      shiori_shiawase, layout_loops_ring, serial_shops,
          nicolae_shop_waterfront, chequers_serial_rivers_marsh
D:2:      layout_basic, minmay_increasing_density
D:3:      layout_loops_cross, kennysheep_generic_room_16, uniq_grinder,
          uniq_pargi, uniq_natasha, uniq_ijyb

Skill      XL: |  1  2  3  4 |
---------------+-------------+-----
Stealth        | 1 2 3 4 |  4.0
Unarmed Combat | 3 4 |  4.9
Fighting       | |  3.0
Dodging        | |  3.0
Shields        | |  3.0

Action                   |  1- 3 |  4- 6 || total
-------------------------+-------+-------++-------
Melee: Unarmed           |    79 |    82 ||   161
       Tentacles         |    19 |    23 ||    42
       Constrict         |    16 |    26 ||    42
       Punch             |     3 |     3 ||     6
Throw: Throwing net      |       |     1 ||     1
  Use: Potion            |       |     1 ||     1
 Stab: Sleeping          |     9 |    14 ||    23
Armor: Skin              |     5 |     3 ||     8
Dodge: Dodged            |    44 |    29 ||    73
Block: Buckler           |    14 |    15 ||    29

Table legend: (Time is in decaauts)
 A = Elapsed time spent in this place.
 B = Non-inter-level travel time spent in this place.
 C = Inter-level travel time spent in this place.
 D = Time resting spent in this place.
 E = Time spent auto-exploring this place.
 F = Levels seen in this place.
 G = Mean time per level.
                   A        B        C        D        E       F      G
               +--------+--------+--------+--------+--------+-----+--------+
         Total |   2261 |   2199 |     62 |    362 |   1288 |   3 |  753.7 |
       Dungeon |   2261 |   2199 |     62 |    362 |   1288 |   3 |  753.7 |
               +--------+--------+--------+--------+--------+-----+--------+

Top non-repeatable levels by time:
     D:2: 938 daAuts
     D:1: 935 daAuts
     D:3: 387 daAuts
